Map: Recife Abissal LE

Players

TheZergLord - Winner!

  • Race: Zerg Zerg
  • League: Grandmaster
  • Spawn Location: 11:00

Choice

  • Race: Protoss Protoss
  • League: Master
  • Spawn Location: 5:00

VOD

Have the link to the VOD?

Description

Time

  • Played on: June 13, 2017, 1:49 p.m.
  • Length: 6:52
Show
View Real Time Build Order
Export as new Build Order

TheZergLord Zerg - Winner!

Build Orders: Hatch First 

Get SALT Encoding   

  12  0:00  Drone  
  13  0:13  Overlord  
  13  0:18  Drone  
  14  0:32  Drone  
  14  0:33  Drone  
  16  0:36  Drone  
  17  0:56  Drone  
  18  1:00  Drone, Hatchery  
  18  1:01  Extractor  
  17  1:16  Spawning Pool  
  16  1:19  Drone  
  16  1:23  Drone  
  18  1:29  Drone  
  19  1:40  Overlord  
  19  1:57  Drone  
  20  2:02  Metabolic Boost  
  20  2:03  Queen  
  20  2:04  Zergling x2  
  23  2:12  Queen  
  23  2:13  Drone  
  23  2:14  Drone  
  27  2:23  Drone  
  27  2:25  Drone  
  29  2:34  Drone  
  29  2:35  Drone  
  31  2:39  Pneumatized Carapace  
  31  2:53  Drone  
  31  2:56  Hatchery  
  31  2:58  Zergling x2  
  31  2:59  Zergling x2  
  33  3:06  Overlord  
  33  3:09  Drone x2  
  35  3:22  Drone  
  35  3:25  Drone x2  
  35  3:26  Overlord  
  38  3:28  Drone x3  
  38  3:33  Drone  
  38  3:34  Drone  
  43  3:44  Drone x2  
  45  3:52  Drone  
  47  3:55  Drone x2, Roach Warren  
  47  3:56  Drone x2  
  47  4:00  Queen  
  51  4:06  Overlord  
  51  4:10  Overlord  
  51  4:12  Drone  
  51  4:13  Queen  
  51  4:16  Overlord, Extractor  
  53  4:24  Overlord  
  53  4:30  Overlord  
  53  4:32  Spine Crawler  
  53  4:35  Spine Crawler  
  53  4:37  Roach x6  
  63  4:39  Roach  
  63  4:41  Drone  
  63  4:42  Drone  
  63  4:43  Drone  
  68  4:52  Roach x4  
  76  4:58  Roach x3  
  82  5:05  Spore Crawler  
  81  5:07  Spore Crawler  
  81  5:10  Roach x2  
  81  5:11  Roach  
  77  5:26  Roach x2  
  77  5:27  Roach  
  77  5:28  Overlord x3  
  66  5:37  Roach x2  
  66  5:38  Roach  
  61  5:53  Drone x6  
  61  5:54  Drone x3  
  61  5:56  Drone  
  71  6:03  Roach  
  73  6:11  Roach x3  
  73  6:17  Roach  
  73  6:18  Roach  
Show
View Real Time Build Order
Export as new Build Order

Choice Protoss 

Build Orders: 1 Gate Expand 

Get SALT Encoding   

  12  0:02  Probe (Chrono Boost)  
  13  0:12  Probe (Chrono Boost)  
  14  0:22  Pylon  
  14  0:23  Probe (Chrono Boost)  
  15  0:40  Probe (Chrono Boost)  
  15  0:42  Gateway  
  16  0:50  Assimilator  
  16  0:51  Probe (Chrono Boost)  
  17  1:02  Probe (Chrono Boost)  
  18  1:12  Probe (Chrono Boost)  
  19  1:24  Nexus  
  19  1:27  Probe (Chrono Boost)  
  20  1:38  Cybernetics Core  
  20  1:41  Probe (Chrono Boost)  
  21  1:47  Assimilator  
  21  1:52  Probe (Chrono Boost)  
  22  1:58  Pylon  
  22  2:02  Probe (Chrono Boost)  
  23  2:12  Stalker  
  23  2:14  Warp Gate  
  23  2:18  Probe (Chrono Boost)  
  27  2:30  Probe (Chrono Boost)  
  27  2:37  Twilight Council  
  27  2:38  Probe (Chrono Boost)  
  27  2:41  Probe (Chrono Boost)  
  29  2:48  Probe (Chrono Boost)  
  30  2:53  Robotics Facility  
  30  2:57  Zealot  
  32  3:00  Probe (Chrono Boost), Charge  
  32  3:02  Probe (Chrono Boost)  
  34  3:11  Probe (Chrono Boost)  
  35  3:26  Mothership Core (Chrono Boost)  
  37  3:32  Probe (Chrono Boost)  
  38  3:37  Gateway  
  38  3:39  Gateway  
  38  3:40  Gateway  
  38  3:43  Warp Prism  
  40  3:49  Gateway  
  40  3:55  Gateway  
  40  4:00  Gateway  
  40  4:04  Gateway  
  40  4:10  Pylon  
  40  4:16  Pylon  
  40  4:18  Pylon  
  40  4:21  Zealot  
  42  4:34  Pylon  
  42  4:46  Zealot x3  
  42  4:47  Zealot x2  
  52  4:55  Zealot  
  52  4:56  Zealot  
  52  4:58  Zealot  
  58  5:09  Probe (Chrono Boost)  
  58  5:13  Zealot  
  58  5:14  Zealot x5  
  65  5:22  Zealot x2  
  61  5:33  Zealot  
  61  5:34  Zealot x4  
  57  5:37  Zealot  
  47  5:57  Zealot x5  
  47  5:58  Zealot x2  
  47  6:01  Zealot  
  63  6:06  Pylon  
  63  6:20  Zealot x4  
  63  6:21  Zealot  
  63  6:24  Zealot  
  75  6:35  Zealot x2  
Tags
 
Add a new tag
Caveats
  • Supply blocks, unpowered buildings, or Contaminate may cause inaccurate times.
  • Supply counts are checked every 10 seconds.